Map: Realities Simulation LE

Players

yru

  • Race: Zerg Zerg
  • Spawn Location: 5:00

ChaosDragon

  • Race: Protoss Protoss
  • Spawn Location: 3:00

JumpyLion

  • Race: Zerg Zerg
  • League: Silver
  • Spawn Location: 6:00

MattBarry - Winner!

  • Race: Terran Terran
  • League: Gold
  • Spawn Location: 11:00

Alebay - Winner!

  • Race: Protoss Protoss
  • Spawn Location: 12:00

MattBarry - Winner!

  • Race: Zerg Zerg
  • League: Gold
  • Spawn Location: 9:00

VOD

Have the link to the VOD?

Description

Time

  • Played on: Jan. 22, 2023, 1:03 a.m.
  • Length: 26:16
Show
View Real Time Build Order
Export as new Build Order

yru Zerg 

Build Orders: Pool First 

Get SALT Encoding   

  12  0:01  Drone  
  13  0:12  Overlord  
  13  0:16  Drone  
  14  0:31  Drone  
  14  0:32  Drone  
  16  0:37  Drone  
  17  0:47  Spawning Pool  
  17  0:49  Drone  
  17  0:56  Drone, Extractor  
  17  1:18  Hatchery  
  16  1:19  Drone  
  16  1:20  Drone  
  18  1:28  Overlord  
  18  1:39  Queen  
  18  1:43  Drone  
  21  1:54  Drone  
  22  2:02  Drone  
  22  2:07  Metabolic Boost  
  23  2:12  Drone  
  23  2:15  Queen  
  24  2:22  Drone  
  27  2:42  Zergling x2  
  27  2:43  Zergling x2  
  27  2:44  Zergling x2  
  30  2:45  Zergling x2  
  30  2:48  Zergling x6  
  34  2:56  Zergling x2  
  35  2:59  Zergling x2  
  35  3:04  Overlord  
  36  3:07  Zergling x2, Hatchery  
  36  3:14  Overlord  
  36  3:23  Drone  
  36  3:25  Zergling x2  
  38  3:33  Drone  
  39  3:37  Drone x3  
  39  3:39  Drone  
  42  3:57  Zergling x6  
  42  3:58  Zergling x2  
  41  4:13  Drone x8  
  44  4:19  Zergling x2, Spine Crawler  
  44  4:22  Drone  
  44  4:24  Drone  
  46  4:42  Queen  
  46  4:43  Queen  
  46  4:44  Drone x3  
  53  4:48  Drone, Extractor  
  53  4:49  Extractor  
  52  4:54  Drone x2  
  52  4:55  Drone x2  
  52  4:56  Drone  
  52  4:58  Drone  
  58  5:00  Overlord  
  58  5:02  Overlord  
  58  5:07  Extractor  
  58  5:08  Drone  
  58  5:14  Overlord x3  
  58  5:17  Overlord  
  58  5:18  Drone x2  
  60  5:23  Drone  
  60  5:27  Drone  
  62  5:28  Zergling x2  
  62  5:31  Queen  
  62  5:32  Zergling x2  
  62  5:33  Zergling x2  
  67  5:36  Zergling x12  
  67  5:42  Drone  
  74  5:43  Pneumatized Carapace  
  74  5:44  Drone  
  74  5:47  Zergling x2  
  76  5:50  Drone  
  76  5:54  Extractor  
  76  5:55  Drone  
  77  6:02  Zergling x2  
  77  6:03  Zergling x8  
  82  6:05  Drone x3  
  82  6:07  Queen, Drone  
  82  6:11  Drone  
  87  6:21  Zergling x4  
  85  6:30  Zergling x8  
  89  6:32  Zergling x2  
  89  6:33  Zergling x4  
  86  6:40  Zergling x2  
  86  6:41  Zergling x6  
  86  6:44  Zergling x2  
  87  6:47  Zergling x2  
  89  6:54  Zergling x4  
  89  6:57  Drone  
  89  7:00  Zergling x2  
  92  7:12  Zergling x2  
  92  7:13  Zergling x8  
  92  7:23  Zergling x6  
  85  7:31  Zergling x6  
  85  7:32  Zergling x10  
  90  7:37  Drone  
  90  7:38  Spine Crawler  
  90  7:40  Drone  
  91  7:45  Evolution Chamber  
  91  7:46  Hatchery, Drone  
  91  7:49  Evolution Chamber  
  89  7:52  Zergling x6  
  92  8:06  Zergling x2  
  92  8:07  Zergling x12  
  92  8:10  Hatchery  
  97  8:14  Zergling x2  
  97  8:15  Zergling x2  
  82  8:27  Zergling x10  
  82  8:32  Zergling x6  
  88  8:42  Zergling x6  
  91  8:51  Zergling x6  
  88  9:05  Zergling x6  
  88  9:06  Zergling x6  
  89  9:10  Drone x2  
  89  9:13  Overlord  
  86  9:18  Zerg Ground Armor Level 1, Zerg Melee Weapons Level 1  
  86  9:19  Zergling x4  
  86  9:22  Zergling x2  
  86  9:23  Zergling x4  
  87  9:25  Zergling x4  
  87  9:26  Overlord  
  87  9:29  Zergling x2  
  90  9:33  Overlord  
  90  9:34  Lair  
  90  9:35  Drone x2  
  93  9:38  Zergling x4  
  93  9:42  Hatchery  
  94  9:45  Zergling x6  
  94  9:46  Zergling x6  
  99  9:58  Zergling x2  
  99  9:59  Zergling x8  
  104  10:06  Zergling x4  
  104  10:07  Zergling x6  
  109  10:12  Overlord x2  
  109  10:14  Zergling x6  
  112  10:17  Zergling x4  
  112  10:18  Zergling x2  
  112  10:21  Drone  
  116  10:24  Zergling x2  
  115  10:36  Hydralisk Den  
  115  10:39  Drone x7  
  115  10:41  Drone  
  122  10:43  Drone x4  
  122  10:49  Extractor  
  125  10:52  Drone x4  
  125  10:54  Zergling x2  
  130  11:02  Zergling x2  
  130  11:03  Zergling x6  
  118  11:30  Drone x4  
  118  11:31  Drone x4  
  120  11:46  Drone x3  
  120  11:47  Drone x7, Overlord x3  
  119  11:48  Overlord  
  112  12:03  Zergling x2  
  112  12:04  Zergling x14  
  117  12:12  Hydralisk x7  
  117  12:15  Zerg Missile Weapons Level 1  
  131  12:16  Hydralisk x2, Zerg Ground Armor Level 2  
  131  12:17  Hydralisk x2  
  131  12:18  Hydralisk  
  131  12:21  Lurker Den, Grooved Spines  
  140  12:26  Hydralisk  
  140  12:27  Hydralisk x4  
  140  12:29  Infestation Pit, Hydralisk  
  151  12:30  Hydralisk  
  151  12:31  Hydralisk  
  151  12:36  Extractor  
  154  12:37  Extractor  
  154  12:39  Spine Crawler  
  154  12:41  Spine Crawler x2  
  154  12:42  Spine Crawler  
  149  12:44  Spine Crawler x2  
  149  12:50  Hydralisk x3, Spine Crawler x2  
  149  12:51  Hydralisk x3, Spine Crawler  
  150  12:52  Zergling x12  
  150  12:54  Zergling x2  
  150  12:55  Zergling x4  
  158  13:08  Hydralisk  
  158  13:09  Hydralisk x7  
  152  13:15  Hydralisk  
  140  13:22  Hydralisk  
  140  13:23  Hydralisk x7  
  140  13:26  Hydralisk x2  
  134  13:32  Hydralisk x2, Muscular Augments  
  134  13:33  Hydralisk  
  134  13:37  Hydralisk x2  
  134  13:39  Hydralisk x2  
  132  13:44  Hydralisk  
  132  13:47  Hydralisk x2  
  116  13:49  Hydralisk  
  110  13:59  Hydralisk x2  
  110  14:02  Hydralisk x3  
  110  14:05  Hydralisk  
  110  14:12  Hydralisk x3  
  110  14:15  Zergling x2  
  105  14:20  Hydralisk  
  105  14:23  Zergling x4  
  93  14:28  Zergling x4  
  89  14:38  Zergling x2  
  89  14:39  Zergling x4  
  89  14:43  Zergling x2  
  89  14:44  Zergling x2  
  87  14:46  Zergling x2  
  87  14:48  Zergling x2  
  87  14:50  Zergling x2  
  90  14:56  Zergling x2  
  90  14:57  Zergling x2  
  92  15:03  Zergling x2  
  93  15:13  Zergling x2  
  94  15:14  Zergling x2  
  91  15:27  Hydralisk  
  92  15:57  Hatchery  
  91  16:09  Zergling x4  
  91  16:10  Zergling x4  
  95  16:23  Zergling x14  
  103  16:46  Hatchery  
  100  17:06  Drone x3  
  100  17:07  Drone  
  93  17:44  Zergling x2  
  93  17:45  Zergling x4  
  74  18:03  Zergling x4  
  63  18:13  Zergling x2  
  53  18:29  Zergling x2  
  42  18:48  Zergling x2  
  42  19:04  Zergling x2  
  43  19:13  Zergling x2  
  43  19:14  Zergling x2  
  45  19:17  Zergling x2  
  45  19:20  Zergling x2  
  45  19:23  Zergling x2  
  48  19:25  Zergling x2  
  48  19:28  Zergling x2  
  51  19:31  Zergling x2  
  51  19:34  Zergling x2  
  51  19:36  Zergling x2  
  53  19:39  Zergling x2  
  53  19:42  Zergling x2  
  53  19:44  Zergling x2  
  56  19:46  Zergling x2  
  56  19:50  Zergling x2  
  56  19:52  Zergling x2  
  59  19:54  Zergling x2  
  59  19:57  Zergling x2  
  61  20:00  Zergling x2  
  62  20:10  Zergling x8  
  59  20:14  Zergling x2  
  59  20:20  Zergling x4  
  58  20:26  Drone x2  
  58  20:27  Drone  
  59  20:31  Zergling x2  
  59  20:32  Zergling x2  
  59  20:35  Zergling x2  
  62  20:39  Extractor  
  57  21:01  Zergling x18  
  66  21:15  Zergling x4  
  68  21:20  Drone  
  68  21:21  Drone x4  
  73  22:12  Hatchery  
  72  22:19  Hatchery  
  66  22:40  Hydralisk  
  66  22:41  Zergling x16  
  66  22:42  Zergling x12  
  71  22:51  Extractor  
  71  22:53  Zergling x6  
  73  23:03  Zergling x2  
  73  23:04  Zergling x12  
  79  23:13  Zergling x2  
  79  23:15  Zergling x8  
Show
View Real Time Build Order
Export as new Build Order

ChaosDragon Protoss 

Build Orders:  

Get SALT Encoding   

  12  0:02  Probe  
  13  0:13  Pylon  
  13  0:17  Probe  
  14  0:31  Probe  
  15  0:38  Gateway  
  15  0:41  Assimilator  
  15  0:46  Probe (Chrono Boost)  
  16  0:55  Probe (Chrono Boost)  
  17  1:04  Probe (Chrono Boost)  
  18  1:15  Probe (Chrono Boost)  
  19  1:20  Probe (Chrono Boost)  
  20  1:31  Probe  
  21  1:34  Cybernetics Core  
  21  1:45  Nexus  
  21  1:48  Pylon  
  21  1:51  Probe  
  22  2:03  Assimilator  
  22  2:09  Pylon  
  22  2:10  Warp Gate  
  22  2:15  Stalker  
  24  2:19  Probe (Chrono Boost)  
  26  2:31  Probe (Chrono Boost)  
  26  2:35  Probe (Chrono Boost)  
  26  2:46  Probe  
  27  2:57  Shield Battery  
  27  2:58  Probe x2  
  29  2:59  Stalker  
  30  3:16  Probe x2  
  32  3:24  Twilight Council  
  32  3:25  Robotics Facility  
  32  3:27  Gateway  
  32  3:28  Gateway  
  32  3:30  Probe (Chrono Boost)  
  32  3:32  Probe (Chrono Boost)  
  36  3:41  Probe (Chrono Boost)  
  36  3:42  Probe (Chrono Boost)  
  36  3:48  Probe (Chrono Boost)  
  37  3:49  Probe (Chrono Boost)  
  37  3:54  Probe  
  38  3:58  Probe  
  40  4:04  Pylon  
  40  4:06  Blink (Chrono Boost)  
  40  4:08  Probe (Chrono Boost)  
  41  4:10  Assimilator, Probe (Chrono Boost)  
  42  4:22  Stalker, Probe (Chrono Boost)  
  46  4:24  Probe (Chrono Boost)  
  46  4:26  Warp Prism  
  46  4:30  Probe  
  49  4:34  Probe  
  50  4:43  Gateway, Probe  
  50  4:45  Gateway  
  51  4:50  Probe  
  52  4:55  Probe  
  52  4:58  Stalker  
  55  5:02  Sentry, Probe  
  55  5:03  Observer  
  59  5:17  Probe  
  59  5:18  Probe  
  61  5:21  Gateway  
  61  5:23  Gateway  
  61  5:26  Dark Shrine  
  61  5:29  Pylon  
  61  5:32  Pylon  
  61  5:35  Pylon, Assimilator  
  61  5:38  Pylon  
  61  5:51  Stalker  
  61  5:52  Stalker x4  
  71  6:00  Charge  
  71  6:15  Gateway, Stalker x2  
  71  6:16  Stalker x2  
  71  6:18  Gateway  
  77  6:21  Gateway  
  61  6:37  Stalker x3  
  63  6:45  Stalker x4  
  59  7:02  Stalker  
  59  7:03  Stalker x2  
  53  7:09  Zealot x4  
  51  7:27  Dark Templar  
  51  7:29  Zealot x4  
  59  7:30  Zealot x5  
  69  7:50  Dark Templar x2  
  73  7:52  Zealot  
  73  7:57  Warp Prism (Chrono Boost)  
  75  8:01  Pylon, Nexus  
  77  8:08  Probe  
  53  8:57  Stalker x6  
  53  8:58  Stalker x4  
  73  9:17  Forge  
  73  9:19  Forge  
  73  9:36  Assimilator  
  73  9:39  Dark Templar x3  
  73  9:40  Dark Templar x3  
  73  9:41  Zealot x4  
  51  10:41  Zealot x10  
  53  11:16  Stargate  
  53  11:17  Stargate  
  53  11:19  Probe x3  
  53  11:21  Stargate  
  53  11:23  Assimilator  
  56  11:25  Pylon  
  56  11:27  Pylon  
  56  11:31  Probe x3  
  56  11:32  Protoss Ground Weapons Level 1 (Chrono Boost), Protoss Ground Armor Level 1 (Chrono Boost)  
  59  11:35  Stalker  
  59  11:36  Stalker x2  
  65  11:40  Dark Templar  
  65  11:42  Dark Templar  
  65  11:43  Probe x3  
  72  11:55  Probe x2  
  72  11:56  Probe  
  75  12:06  Phoenix x2  
  75  12:07  Phoenix, Probe  
  75  12:08  Probe x2  
  84  12:17  Fleet Beacon  
  84  12:19  Probe  
  85  12:26  Cybernetics Core  
  93  12:37  Void Ray  
  93  12:38  Nexus  
  93  12:39  Pylon  
  93  12:40  Void Ray  
  93  12:42  Pylon  
  93  12:43  Assimilator  
  93  12:45  Assimilator  
  93  12:48  Observer  
  93  12:50  Stalker x3  
  89  13:10  Observer  
  75  13:20  Stalker x2  
  75  13:21  Stalker x5  
  75  13:22  Stalker  
  77  13:31  Observer  
  77  13:36  Phoenix  
  77  13:37  Phoenix (Chrono Boost)  
  67  13:59  Phoenix (Chrono Boost)  
  67  14:01  Phoenix x2 (Chrono Boost)  
  59  14:06  Zealot  
  59  14:07  Zealot x2  
  58  14:15  Phoenix (Chrono Boost)  
  39  14:37  Stalker x4  
  37  15:34  Dark Templar  
  37  15:35  Dark Templar x3  
  41  15:38  Archon  
  41  15:39  Archon  
  42  15:42  Probe  
  42  16:03  Probe x2  
  44  16:07  Probe  
  45  16:15  Probe x2  
  47  16:22  Stalker  
  47  16:25  Zealot  
  51  16:42  Probe  
  52  16:47  Nexus  
  52  16:56  Probe x3  
  55  17:10  Templar Archives  
  55  17:21  Probe x2  
  57  17:29  Carrier  
  63  17:42  Dark Templar  
  63  17:43  Dark Templar  
  67  17:47  High Templar x4  
  75  17:56  Archon x2  
  53  18:29  Dark Templar x5  
  46  18:44  Zealot x5  
  53  18:55  Probe x3  
  56  19:18  Dark Templar  
  56  19:20  Zealot x3  
  40  20:08  Zealot x7  
  54  20:24  Probe x2  
  56  21:00  Carrier (Chrono Boost)  
  56  21:01  Carrier x2 (Chrono Boost)  
  74  21:09  Pylon  
  74  21:14  Assimilator  
  74  21:18  Nexus  
  74  21:20  Pylon  
  74  21:21  Probe x2  
  74  21:22  Probe  
  76  21:33  Probe  
  76  21:34  Probe  
  70  21:47  Probe x2  
  62  21:59  Probe x2  
  64  22:02  Carrier (Chrono Boost)  
  68  22:42  Carrier (Chrono Boost)  
  73  23:04  Psionic Storm  
  73  23:06  High Templar  
  73  23:07  Protoss Air Weapons Level 1, High Templar  
  73  23:08  High Templar, Protoss Air Armor Level 1  
  45  24:07  Archon x2  
  27  25:01  Carrier (Chrono Boost)  
  33  25:09  High Templar x2  
  33  25:10  High Templar x4  
  33  25:13  Archon  
  33  25:14  Archon x2  
  45  25:24  High Templar  
Show
View Real Time Build Order
Export as new Build Order

JumpyLion Zerg 

Build Orders: Hatch First, Roach Nydus 

Get SALT Encoding   

  12  0:03  Drone  
  13  0:10  Drone  
  14  0:18  Overlord  
  14  0:38  Drone x3  
  17  0:58  Hatchery  
  17  0:59  Drone  
  17  1:00  Drone  
  18  1:11  Drone  
  19  1:20  Spawning Pool  
  19  1:21  Drone  
  19  1:32  Drone  
  20  1:43  Drone  
  21  1:51  Extractor  
  20  1:59  Hatchery  
  19  2:02  Drone  
  19  2:04  Drone  
  21  2:11  Drone  
  21  2:12  Extractor  
  21  2:19  Drone  
  21  2:22  Drone  
  23  2:26  Drone  
  24  2:35  Roach Warren  
  23  2:38  Drone  
  23  2:39  Drone  
  23  2:44  Queen  
  25  2:46  Spine Crawler  
  25  2:48  Drone x2  
  28  3:01  Overlord  
  28  3:05  Spine Crawler  
  27  3:06  Drone  
  28  3:14  Drone x2  
  28  3:15  Drone  
  31  3:21  Queen  
  33  3:31  Lair  
  33  3:47  Drone x2  
  33  3:48  Drone x5  
  40  3:49  Drone  
  40  3:51  Drone  
  42  3:58  Overlord  
  42  4:08  Extractor  
  41  4:14  Drone  
  41  4:15  Extractor, Overlord  
  41  4:16  Queen, Overlord  
  43  4:24  Evolution Chamber  
  43  4:28  Glial Reconstitution  
  42  4:32  Drone x2  
  42  4:35  Roach x3  
  42  4:37  Roach  
  52  4:41  Overlord  
  52  4:44  Roach  
  54  4:47  Roach  
  56  4:58  Nydus Network  
  56  4:59  Zerg Missile Weapons Level 1  
  55  5:04  Drone  
  55  5:05  Drone  
  55  5:07  Roach x3  
  63  5:16  Overlord x2  
  63  5:21  Queen  
  63  5:23  Roach  
  63  5:26  Roach  
  69  5:38  Nydus Canal  
  69  5:40  Roach x4  
  77  5:44  Roach  
  77  5:45  Roach  
  81  5:51  Roach x2  
  85  6:03  Roach  
  85  6:04  Roach  
  89  6:10  Overlord x3  
  87  6:23  Roach x2  
  89  6:32  Roach x7  
  75  6:43  Roach x3  
  75  6:44  Roach  
  75  6:45  Nydus Canal  
  79  6:47  Roach  
  79  7:07  Roach  
  79  7:08  Roach x5  
  89  7:31  Roach x6  
  63  8:05  Nydus Canal  
  61  8:06  Roach x9  
  61  8:10  Queen x3  
  85  8:21  Overlord  
  85  8:22  Overlord x2  
  85  8:30  Roach x3  
  91  8:38  Roach  
  91  8:41  Nydus Canal  
  87  8:43  Roach  
  87  8:44  Roach  
  87  8:45  Queen  
  87  8:46  Zerg Missile Weapons Level 2  
  87  8:47  Queen  
  95  8:57  Roach  
  95  8:58  Roach x2  
  95  9:02  Roach x2  
  105  9:07  Roach  
  103  9:27  Nydus Canal  
  103  9:29  Roach x6  
  115  9:51  Hatchery  
  104  10:19  Roach x9  
  110  10:32  Nydus Canal  
  110  10:34  Queen x2  
  110  10:35  Queen  
  116  10:48  Drone x6  
  114  11:10  Queen  
  108  11:11  Nydus Canal  
  108  11:20  Queen x2  
  112  11:46  Queen  
  108  11:56  Queen x2  
  112  12:05  Nydus Canal  
  112  12:12  Infestation Pit  
  112  12:13  Drone  
  112  12:14  Drone x8  
  88  12:37  Hatchery  
  88  12:38  Roach x6  
  88  12:40  Zerg Ground Armor Level 1  
  99  12:55  Spine Crawler  
  98  12:58  Spine Crawler  
  98  13:02  Roach x5  
  98  13:03  Roach  
  109  13:11  Roach  
  109  13:12  Roach x2  
  114  13:30  Hydralisk Den  
  114  13:32  Roach x6  
  125  13:56  Roach  
  127  14:06  Roach x7  
  137  14:15  Roach x2  
  117  14:26  Roach x3  
  117  14:30  Roach x2  
  97  14:39  Roach x2  
  99  14:50  Roach  
  99  14:51  Roach x3  
  107  14:55  Roach  
  109  15:01  Roach x2  
  109  15:06  Drone  
  114  15:10  Drone  
  114  15:11  Drone x6  
  121  15:15  Hatchery  
  121  15:19  Hatchery  
  117  15:37  Roach x4  
  117  15:38  Hydralisk x8  
  141  15:46  Nydus Canal  
  141  15:50  Overlord  
  141  16:08  Queen x3  
  147  16:17  Extractor, Zerg Ground Armor Level 2  
  146  16:19  Hydralisk x2, Grooved Spines  
  146  16:23  Overlord  
  146  16:24  Overlord x2  
  150  16:25  Extractor  
  149  16:36  Hydralisk  
  149  16:37  Hydralisk x4  
  159  16:49  Extractor  
  159  16:50  Extractor  
  159  16:51  Hydralisk  
  159  16:52  Hydralisk x4  
  167  17:00  Nydus Canal  
  167  17:03  Hydralisk x2  
  165  17:30  Muscular Augments  
  165  17:33  Roach x5  
  165  17:34  Roach x10  
  163  17:43  Hydralisk x4  
  155  17:54  Hydralisk  
  155  17:55  Hydralisk x2  
  151  18:00  Hydralisk  
  151  18:04  Overlord  
  116  18:25  Hydralisk x5  
  118  18:37  Hydralisk  
  113  19:09  Overlord x3  
  107  19:10  Hydralisk  
  79  19:48  Spawning Pool  
  78  20:03  Hatchery  
  61  20:34  Evolution Chamber  
  60  20:44  Lair  
  60  21:08  Drone x3  
  60  21:09  Drone  
  64  22:06  Extractor  
  63  22:08  Extractor  
  62  22:26  Overseer  
  62  23:07  Drone x3  
Show
View Real Time Build Order
Export as new Build Order

MattBarry Terran - Winner!

Build Orders: Gas First Reaper Expand 

Get SALT Encoding   

  12  0:00  SCV  
  13  0:12  SCV  
  14  0:22  Supply Depot  
  14  0:24  SCV  
  15  0:34  Refinery  
  15  0:44  SCV  
  15  0:45  Barracks  
  16  0:56  SCV  
  17  1:08  SCV  
  18  1:20  SCV  
  19  1:33  Reaper  
  19  1:34  Orbital Command  
  20  1:41  Supply Depot  
  20  2:10  SCV  
  20  2:13  Command Center  
  21  2:22  SCV  
  22  2:34  SCV  
  23  2:45  Barracks Reactor  
  23  2:50  SCV  
  24  2:51  Refinery  
  24  2:59  Factory  
  24  3:09  SCV  
  24  3:21  SCV  
  24  3:22  Marine x2  
  27  3:27  Orbital Command  
  27  3:38  SCV  
  28  3:43  Marine x2  
  28  3:45  Factory Reactor, Starport  
  30  4:00  Marine  
  30  4:01  Marine  
  31  4:12  SCV  
  31  4:13  SCV  
  33  4:18  Marine x2  
  35  4:25  SCV x2  
  35  4:29  Fusion Core  
  37  4:32  Refinery  
  37  4:33  Refinery  
  37  4:36  Marine x2  
  37  4:37  Supply Depot, SCV x2  
  41  4:38  Supply Depot  
  41  4:41  Engineering Bay  
  41  4:45  Liberator  
  44  4:49  SCV x2  
  46  4:59  Liberator  
  49  5:01  SCV x2  
  51  5:13  Supply Depot, SCV x2  
  51  5:14  Supply Depot  
  53  5:17  Missile Turret  
  53  5:18  Missile Turret, Advanced Ballistics  
  53  5:25  SCV x2  
  55  5:37  SCV x2  
  57  5:45  Liberator x2  
  57  5:49  SCV x2  
  65  6:28  Liberator x2  
  65  6:42  SCV  
  65  6:43  SCV  
  67  6:54  SCV  
  67  6:55  SCV  
  67  6:57  Marine x2  
  66  7:27  Liberator x2  
  62  7:44  SCV x2  
  64  7:56  SCV x2  
  66  8:08  SCV  
  67  8:14  SCV  
  68  8:20  SCV  
  68  8:26  SCV  
  70  8:40  Supply Depot  
  70  8:41  Supply Depot x2  
  69  9:01  SCV  
  69  9:02  Liberator x2  
  76  9:11  Marine  
  76  9:13  Hellion  
  79  9:20  Supply Depot  
  79  9:21  Supply Depot  
  79  9:22  Supply Depot  
  79  9:27  Missile Turret  
  79  9:28  SCV x2  
  81  9:40  Missile Turret  
  81  9:45  Liberator x2  
  87  9:46  Missile Turret  
  86  10:31  Armory  
  86  10:33  Armory, Liberator x2  
  92  10:39  Marine  
  92  10:40  Widow Mine  
  92  10:42  SCV x2  
  78  11:29  Terran Vehicle Weapons Level 1  
  76  11:35  Terran Vehicle And Ship Armor Level 1  
  68  12:15  Liberator  
  68  12:16  Liberator  
  74  12:29  Refinery  
  75  12:44  SCV x2  
  76  12:55  Missile Turret  
  76  12:56  SCV x2  
  76  12:58  Widow Mine  
  80  13:01  Liberator x2, Command Center  
  86  13:08  SCV  
  87  13:44  Liberator  
  72  14:10  Liberator  
  75  14:26  Liberator  
  60  14:52  Liberator  
  60  14:59  Terran Vehicle Weapons Level 2  
  63  15:00  Terran Vehicle And Ship Armor Level 2  
  63  15:01  Starport  
  63  15:04  Orbital Command  
  63  15:05  SCV  
  63  15:06  SCV  
  65  15:09  Liberator  
  68  15:18  SCV x2  
  70  15:30  SCV  
  71  15:35  Liberator  
  71  15:41  SCV x2  
  71  15:42  SCV  
  77  15:45  Refinery x2  
  77  15:52  Liberator  
  77  15:53  SCV x2  
  77  15:54  SCV  
  83  15:57  Starport Reactor  
  83  16:05  SCV x2, Command Center  
  83  16:06  SCV  
  88  16:18  Widow Mine, Liberator  
  91  16:36  SCV x3  
  91  16:39  Liberator x3  
  102  16:40  Widow Mine  
  105  16:48  SCV x3  
  108  17:01  Liberator  
  87  18:11  Liberator x2  
  87  18:12  Liberator  
  84  18:32  Liberator  
  81  18:54  Widow Mine  
  78  19:49  Supply Depot x2  
  78  19:50  Supply Depot  
  78  19:51  Supply Depot  
  73  20:12  SCV x2  
  75  20:25  SCV x2  
  75  20:26  Supply Depot  
  75  20:27  Supply Depot  
  75  20:28  Supply Depot  
  77  20:29  Supply Depot  
  77  20:32  Supply Depot  
  77  20:40  Starport Reactor, SCV  
  75  20:47  Liberator x2  
  79  21:21  Orbital Command  
  79  21:25  Engineering Bay  
  79  21:27  Widow Mine  
  81  21:34  Refinery  
  81  21:37  Refinery  
  81  21:49  Widow Mine  
  83  22:17  SCV x3  
  86  22:39  Liberator x4  
  86  22:42  Armory  
  98  22:50  SCV x2  
  98  22:51  SCV  
  101  23:22  Liberator x4  
  89  24:05  Liberator x4  
  86  24:47  Liberator  
  86  24:48  Liberator x3  
  95  25:03  Command Center  
  95  25:30  Liberator x2  
  95  25:31  Liberator x2  
Show
View Real Time Build Order
Export as new Build Order

Alebay Protoss - Winner!

Build Orders: 1 Gate Expand 

Get SALT Encoding   

  12  0:00  Probe  
  13  0:12  Probe  
  14  0:23  Pylon  
  14  0:25  Probe  
  15  0:41  Probe  
  16  0:45  Gateway  
  16  0:53  Assimilator, Probe  
  17  1:05  Probe  
  18  1:17  Probe  
  19  1:29  Probe  
  20  1:39  Nexus  
  20  1:47  Probe  
  21  1:48  Cybernetics Core  
  21  1:50  Assimilator  
  21  1:59  Probe  
  22  2:14  Probe  
  23  2:22  Pylon  
  23  2:24  Pylon  
  23  2:31  Warp Gate (Chrono Boost)  
  23  2:40  Adept, Probe  
  26  2:44  Forge  
  26  2:52  Probe  
  26  2:56  Probe  
  28  3:03  Pylon  
  28  3:08  Probe  
  28  3:09  Probe  
  30  3:13  Stalker  
  32  3:20  Probe  
  32  3:21  Probe  
  32  3:25  Pylon  
  34  3:32  Probe  
  34  3:33  Probe  
  36  3:38  Robotics Facility  
  36  3:44  Probe  
  36  3:45  Probe  
  36  4:02  Stalker  
  36  4:22  Probe x2  
  38  4:29  Gateway  
  38  4:30  Gateway  
  38  4:32  Assimilator  
  38  4:34  Probe x2  
  38  4:38  Immortal  
  40  4:39  Photon Cannon  
  40  4:40  Pylon  
  40  4:43  Pylon, Stalker  
  42  4:46  Probe x2  
  42  4:49  Protoss Ground Weapons Level 1 (Chrono Boost)  
  48  5:05  Assimilator  
  48  5:08  Stalker  
  50  5:19  Photon Cannon  
  50  5:20  Photon Cannon  
  50  5:25  Photon Cannon  
  50  5:28  Photon Cannon, Probe  
  50  5:29  Probe  
  50  5:32  Stalker  
  50  5:33  Stalker x2  
  58  5:40  Probe  
  58  5:41  Immortal  
  63  6:03  Stalker x3  
  63  6:32  Protoss Ground Armor Level 1 (Chrono Boost)  
  59  6:38  Stalker x3  
  55  7:16  Stalker x3  
  61  7:31  Gateway  
  61  7:34  Gateway  
  61  7:36  Gateway  
  61  7:39  Immortal  
  65  7:46  Stalker x3  
  65  8:09  Zealot x3  
  69  8:18  Immortal  
  66  8:30  Stalker x4  
  70  8:36  Probe x2  
  72  8:48  Photon Cannon, Probe x2  
  72  8:50  Photon Cannon  
  72  8:54  Photon Cannon, Stalker x2  
  72  8:55  Stalker x3  
  82  9:06  Immortal  
  82  9:09  Robotics Facility  
  86  9:10  Robotics Facility  
  86  9:19  Nexus  
  85  9:27  Photon Cannon  
  85  9:39  Pylon  
  85  9:40  Pylon  
  85  9:43  Pylon  
  85  9:44  Pylon  
  85  9:46  Pylon  
  85  9:49  Photon Cannon x2  
  85  9:57  Immortal  
  89  10:06  Stalker  
  89  10:07  Stalker x4  
  85  10:36  Immortal  
  85  10:39  Immortal x2  
  95  11:10  Nexus  
  95  11:14  Stalker x4  
  103  11:27  Immortal  
  107  11:39  Pylon  
  107  11:42  Pylon  
  105  12:06  Photon Cannon  
  105  12:07  Photon Cannon  
  105  12:09  Photon Cannon  
  105  12:16  Stalker x3  
  111  12:36  Stalker x2  
  115  12:45  Probe x3  
  118  12:57  Probe x2  
  110  13:23  Zealot x4  
  110  13:24  Zealot  
  112  13:49  Stalker x4  
  112  13:50  Stalker  
  76  14:34  Stalker  
  76  14:35  Stalker x4  
  56  14:46  Immortal x3 (Chrono Boost)  
  64  14:59  Stalker x5  
  74  15:18  Immortal x3  
  80  15:36  Twilight Council  
  80  15:47  Stalker x5  
  90  15:57  Immortal x2  
  90  15:58  Immortal  
  90  16:02  Probe x2  
  104  16:14  Probe x2  
  104  16:17  Blink (Chrono Boost)  
  106  16:20  Protoss Ground Weapons Level 2 (Chrono Boost)  
  106  16:37  Immortal x3  
  118  16:41  Assimilator  
  118  16:42  Assimilator  
  118  17:05  Stalker x4  
  126  17:16  Immortal x2  
  122  17:38  Stalker x3  
  122  17:39  Stalker x2  
  124  18:15  Protoss Ground Armor Level 2  
  90  18:39  Stalker x4  
  90  18:40  Stalker  
  68  18:53  Immortal  
  60  19:11  Zealot x5  
  64  19:34  Zealot x3  
  64  19:35  Immortal x3 (Chrono Boost), Zealot x2  
  86  19:55  Stalker  
  86  19:56  Stalker x4  
  96  20:07  Immortal x3  
  106  20:23  Stalker x5  
  116  20:39  Nexus  
  116  20:46  Immortal  
  116  20:47  Stalker x4  
  116  20:48  Stalker  
  130  21:13  Pylon  
  130  21:15  Pylon, Stalker x3  
  136  22:01  Assimilator  
  136  22:05  Stalker x4  
  136  22:06  Stalker, Assimilator  
  133  22:56  Probe x3  
  136  23:01  Stalker  
  136  23:02  Stalker x3  
  144  23:08  Probe x3  
  147  23:20  Probe  
  64  24:15  Stalker x2  
  64  24:16  Stalker x3  
  60  25:13  Stalker x5  
  70  25:19  Nexus  
Show
View Real Time Build Order
Export as new Build Order

MattBarry Zerg - Winner!

Build Orders: Pool First 

Get SALT Encoding   

  12  0:00  Drone  
  13  0:08  Drone  
  14  0:16  Overlord  
  14  0:23  Extractor  
  14  0:24  Drone  
  15  0:39  Drone  
  16  0:44  Spawning Pool  
  15  0:56  Drone  
  16  1:09  Hatchery  
  15  1:17  Drone  
  16  1:18  Drone  
  16  1:22  Extractor  
  16  1:31  Queen  
  18  1:35  Zergling x2  
  18  1:36  Zergling x2  
  20  1:43  Zergling x2  
  21  2:03  Drone  
  22  2:23  Metabolic Boost  
  22  2:31  Drone  
  22  2:32  Drone x3  
  26  2:51  Zergling x4  
  26  2:53  Overlord  
  28  3:11  Queen  
  30  3:13  Zergling x10  
  35  3:20  Drone  
  35  3:24  Overlord  
  34  3:34  Extractor  
  34  3:37  Evolution Chamber  
  34  3:39  Roach Warren  
  34  3:41  Drone x5  
  36  3:45  Overlord  
  34  3:59  Zergling x12  
  37  4:20  Queen  
  39  4:30  Drone x9  
  48  4:42  Drone x2  
  50  4:48  Spore Crawler  
  50  4:51  Spore Crawler, Drone  
  49  5:01  Lair  
  49  5:04  Roach  
  49  5:05  Overlord x2  
  51  5:12  Extractor  
  50  5:21  Zerg Missile Weapons Level 1  
  50  5:30  Evolution Chamber, Drone  
  50  5:31  Roach, Drone x2  
  50  5:32  Roach x3  
  60  5:39  Drone x3  
  60  5:41  Overlord  
  63  6:13  Roach x6  
  74  6:31  Roach x2  
  74  6:33  Roach  
  72  6:43  Roach x2  
  76  7:04  Zergling x4  
  60  7:19  Roach x6  
  59  7:46  Roach x4  
  59  7:47  Roach x3  
  59  8:02  Drone x6  
  65  8:20  Spawning Pool  
  65  8:21  Spine Crawler  
  63  8:27  Zergling x2  
  63  8:28  Zergling x6  
  63  8:42  Drone x2  
  64  8:53  Queen  
  55  9:03  Drone  
  55  9:04  Drone x3  
  58  9:41  Roach x4  
  66  9:51  Hatchery  
  63  10:37  Drone x2  
  63  10:38  Queen  
  67  10:43  Roach  
  67  10:44  Hatchery, Overlord x2  
  65  11:23  Lair  
  65  11:36  Roach Warren  
  61  12:17  Zergling x18  
  70  12:24  Queen  
  72  12:32  Roach x2  
  76  12:41  Drone  
  77  12:49  Queen  
  77  12:50  Spine Crawler  
  77  12:51  Drone, Spine Crawler  
  77  12:52  Roach x2  
  82  13:00  Queen  
  61  13:23  Roach x7  
  71  13:33  Overseer  
  67  14:10  Roach x6  
  72  14:17  Ravager x2  
  73  14:29  Drone  
  73  14:30  Drone  
  63  15:02  Roach  
  61  15:10  Zergling x10  
  61  15:11  Zergling x12  
  70  15:27  Extractor  
  69  15:36  Extractor  
  69  15:38  Glial Reconstitution  
  69  15:39  Extractor  
  67  15:54  Roach x8  
  83  16:32  Roach  
  83  16:33  Roach x2  
  83  16:43  Drone  
  83  16:44  Overlord x2  
  84  16:57  Roach  
  84  16:58  Overlord x2  
  84  17:05  Roach  
  84  17:06  Roach x7  
  100  17:08  Overlord x4  
  99  17:17  Ravager  
  99  17:20  Ravager x5  
  99  17:21  Ravager  
  106  17:23  Roach x2  
  98  17:42  Roach x7  
  97  18:13  Roach x8  
  110  18:42  Roach x3  
  112  19:10  Roach x3  
  36  20:22  Roach x2  
  23  20:55  Roach  
  25  21:04  Hatchery  
  24  21:06  Drone x3  
  24  21:07  Drone  
  28  21:12  Spawning Pool  
  27  21:21  Roach x2  
  27  21:22  Roach  
  16  21:41  Roach  
  16  21:42  Roach x6  
  30  21:53  Drone  
  31  21:56  Drone  
  32  22:24  Drone  
  32  22:25  Drone x2  
  35  22:53  Drone x5  
  40  23:03  Spawning Pool  
  40  23:05  Roach  
  41  23:32  Drone x2  
  43  23:54  Spore Crawler  
  42  24:09  Drone x4  
  46  24:22  Drone  
  43  25:24  Roach x6  
  53  25:52  Roach x2  
  53  25:53  Roach x2  
Tags
 
Add a new tag
Caveats
  • Supply blocks, unpowered buildings, or Contaminate may cause inaccurate times.
  • Supply counts are checked every 10 seconds.